 Dungeon Crawl Stone Soup version 0.30.1-3-gfc49f6343a (webtiles) character file.

Game seed: 1224361636579094454

135 GeoRichter the Poker (level 4, -4/33 HPs)
             Began as a Demonspawn Gladiator on Aug 4, 2023.
             Was an Initiate of Kikubaaqudgha.
             Slain by an orc
             ... wielding a +0 trident
              (7 damage)
             ... on level 3 of the Dungeon.
             The game lasted 00:02:17 (2296 turns).

GeoRichter the Poker (Demonspawn Gladiator)         Turns: 2296, Time: 00:02:17

Health: -4/33      AC:  5    Str: 21    XL:     4   Next: 97%
Magic:  4/4        EV: 11    Int: 10    God:    Kikubaaqudgha [......]
Gold:   94         SH:  7    Dex: 16    Spells: 3/3 levels left

rFire   . . .        a - +0 trident
rCold   . . .        j - +0 kite shield
rNeg    . . .        m - +2 robe of the Gastropod {Str+7}
rPois   .            c - +0 helmet
rElec   .            (no cloak)
rCorr   +            (no gloves)
SInv    .            (no boots)
Will    .....        (no amulet)
Stlth   +            k - ring of resist corrosion
HPRegen 0.25/turn    (no ring)
MPRegen 0.09/turn

%: no passive effects
@: no status effects
A: hooves 1, demonic magic 2
a: Renounce Religion


You were on level 3 of the Dungeon.
You worshipped Kikubaaqudgha.
Kikubaaqudgha was noncommittal.
You visited 1 branch of the dungeon, and saw 3 of its levels.

You collected 94 gold pieces.

Inventory:

Hand Weapons
 a - a +0 trident (weapon)
Missiles
 d - 3 throwing nets {!f}
 e - a javelin
 g - 3 poisoned darts (quivered)
Armour
 b - a +0 leather armour
 c - a +0 helmet (worn)
 j - a +0 kite shield (worn)
   (You found it on level 1 of the Dungeon)
 m - the +2 robe of the Gastropod (worn) {Str+7}
   (You found it on level 2 of the Dungeon)

   Str:       It affects your strength (+7).
Jewellery
 k - a ring of resist corrosion (left hand)
   (You found it on level 1 of the Dungeon)
Scrolls
 i - 2 scrolls of identify {unknown}
 o - a scroll of teleportation {unknown}
 p - a scroll of poison {unknown}
 r - a scroll of silence {unknown}
Potions
 f - a potion of lignification {unknown}
 h - a potion of heal wounds {unknown}
 l - a potion of invisibility {unknown}
 n - a potion of berserk rage {unknown}
 q - 2 potions of cancellation


   Skills:
 - Level 2.0 Fighting
 * Level 5.2 Polearms
 - Level 1.7 Throwing
 - Level 2.6 Dodging


You had 3 spell levels left.
You didn't know any spells.
Your spell library was empty.

Dungeon Overview and Level Annotations

Branches:
Dungeon (3/15) Zot: 15677

Altars:
Kikubaaqudgha


Innate Abilities, Weirdness & Mutations

You have large cloven feet.
Spells you cast may paralyse nearby enemies.


Message History

You reach to attack!
You closely miss the orc priest. You puncture the orc priest!
The orc priest is heavily wounded.
The orc priest looks encouraged for a moment.
You hit the orc priest but do no damage.
You kick the orc priest, but do no damage.
The orc priest is heavily wounded.
The orc priest begins to cast a cantrip, but forgets the words!
You block the orc's attack. The orc priest completely misses you.
You closely miss the orc priest. Your kick misses the orc priest.
The orc priest is heavily wounded.
You completely miss the orc priest.
The orc priest is heavily wounded.
The orc priest hits you but does no damage.
You completely miss the orc priest.
You kick the orc priest, but do no damage.
The orc priest is heavily wounded.
The orc priest invokes the aid of Beogh against you.
Pain shoots through your body!
You hit the orc priest.
You kick the orc priest, but do no damage.
The orc priest is severely wounded.
The orc priest hits you with a +0 dagger.
You block the orc's attack. x3
The orc priest calls down the wrath of Beogh upon you.
Beogh smites you!
* * * LOW HITPOINT WARNING * * *
The orc attacks as you move away! The orc hits you but does no damage.
The orc priest barely misses you.
It was a potion of cancellation.
You feel magically purged. The orc hits you with a +0 whip.
* * * LOW HITPOINT WARNING * * *
You block the orc's attack. x2
You block the orc priest's attack. The orc barely misses you.
You block the orc's attack. The orc hits you but does no damage.
You hit the orc priest but do no damage.
The orc priest is heavily wounded.
You block the orc priest's attack. The orc hits you but does no damage.
You block the orc's attack. The orc hits you but does no damage.
The orc closely misses you.
Unknown command.
You barely miss the orc priest.
The orc priest is heavily wounded.
The orc priest hits you with a +0 dagger.
* * * LOW HITPOINT WARNING * * *
The orc closely misses you. The orc hits you with a +0 whip.
* * * LOW HITPOINT WARNING * * *
The orc hits you with a +0 trident!
You die...
Kikubaaqudgha rasps: "You have failed me!
Welcome... death!"

..# ..# . . #.# .
#. #.# #.. #.#
#... ###.####
#....#......#
......o.o...#####
#....#o@........#
#... #.oo..<....#
## #..........##
######......#####
##.........###
#.###'###.... #.#
#.# #....
#.###.###....
#.+.._..'....


You could see an orc priest and 4 orcs.

Vanquished Creatures
  An iguana (D:3)
  5 adders
  An ufetubus (D:3)
  2 dart slugs
  An orc (D:2)
  6 ball pythons
  3 endoplasms
  3 giant cockroaches
  3 goblins
  6 hobgoblins
  4 jackals (D:3)
  A quokka (D:1)
  3 bats
  2 frilled lizards
  3 kobolds (D:1)
  8 rats
52 creatures vanquished.

Notes
Turn   | Place    | Note
-------+----------+-------------------------------------------
     0 | D:1      | GeoRichter the Demonspawn Gladiator began the quest for the
                  | Orb.
     0 | D:1      | Reached XP level 1. HP: 16/16 MP: 1/1
   157 | D:1      | Reached skill level 3 in Polearms
   288 | D:1      | Gained mutation: Spells you cast may paralyse adjacent
                  | enemies. [demonic ancestry]
   288 | D:1      | Reached XP level 2. HP: 22/22 MP: 2/2
   841 | D:2      | Identified the +2 robe of the Gastropod {Str+7}
   950 | D:2      | Gained mutation: You have large cloven feet. [demonic
                  | ancestry]
   950 | D:2      | Reached XP level 3. HP: 27/27 MP: 3/3
  1252 | D:2      | Reached skill level 4 in Polearms
  1721 | D:3      | Found an ancient bone altar of Kikubaaqudgha.
  1736 | D:3      | Gained mutation: Spells you cast may paralyse nearby
                  | enemies. [demonic ancestry]
  1736 | D:3      | Reached XP level 4. HP: 33/33 MP: 4/4
  1746 | D:3      | Became a worshipper of Kikubaaqudgha
  2002 | D:3      | Reached skill level 5 in Polearms
  2296 | D:3      | Slain by an orc

Illustrated notes

Levels and vault maps discovered:
D:1:      minmay_arrival_doors, layout_basic, serial_curves, eino_curves_01,
          eino_curves_01
D:2:      layout_basic
D:3:      layout_basic, old_standard_altar, lemuel_tele_altar,
          lemuel_doored_altar, minmay_misc_feat_cross, uniq_terence

Skill      XL: |  1  2  3  4 |
---------------+-------------+-----
Polearms       | 3 4 5 |  5.2
Fighting       | |  2.0
Throwing       | |  1.7
Dodging        | |  2.6

Action                     |  1- 3 |  4- 6 || total
---------------------------+-------+-------++-------
  Melee: Trident           |    84 |    49 ||   133
         Kick              |     5 |    13 ||    18
  Throw: Dart              |     4 |       ||     4
    Use: Potion            |       |     1 ||     1
   Stab: Sleeping          |     5 |     1 ||     6
 Armour: Leather armour    |     4 |       ||     4
         Robe              |     5 |    16 ||    21
  Dodge: Dodged            |    27 |    27 ||    54
  Block: Kite shield       |     7 |    31 ||    38
